 Dungeon Crawl Stone Soup version 0.28-a0-769-g550dbda0cd (webtiles) character file.

Game seed: 1169052348330927243

2902 frimble the Ruffian (level 9, -7/89 HPs)
             Began as a Troll Warper on Nov 1, 2021.
             Mangled by a gnoll sergeant (13 damage)
             ... in a bailey.
             The game lasted 00:12:34 (5432 turns).

frimble the Ruffian (Troll Warper)                  Turns: 5432, Time: 00:12:35

Health: -7/89      AC: 11    Str: 20 (21) XL:     9   Next: 49%
Magic:  4/9        EV:  9    Int: 11 (12) God:
Gold:   615        SH:  5    Dex:  8 (9)  Spells: 5/10 levels left

rFire   . . .      SeeInvis .     - Unarmed
rCold   . . .      Faith    .   (no shield)
rNeg    . . .      Spirit   .   e - +0 steam dragon scales
rPois   .          Reflect  +   (helmet restricted)
rElec   .          Harm     .   (no cloak)
rCorr   .          Rampage  .   (gloves unavailable)
Will    .....                   (boots unavailable)
Stlth   +.........              j - amulet of reflection
HPRegen 1.24/turn               i - +4 ring of protection
MPRegen 0.11/turn               k - ring of wizardry

@: no status effects
A: large, unfitting armour, claws 3, regeneration 1, shaggy fur 1, tough skin 1
a: no special abilities


You were in a bailey.
You visited 1 branch of the dungeon, and saw 7 of its levels.
You also visited: Ossuary and Bailey.

You collected 1404 gold pieces.
You spent 789 gold pieces at shops.

Inventory:

Missiles
 c - 5 boomerangs of dispersal
 d - 3 boomerangs
 v - 3 throwing nets (quivered)
Armour
 e - +0 steam dragon scales (worn)
Jewellery
 i - a +4 ring of protection (left claw)
 j - an amulet of reflection (around neck)
 k - a ring of wizardry (right claw)
 n - a ring of willpower
 t - a ring of protection from cold
 u - a +6 ring of dexterity
Wands
 q - a wand of flame (8)
Scrolls
 a - a scroll of amnesia
Potions
 f - 4 potions of degeneration
 l - 2 potions of brilliance
 p - a potion of cancellation
 r - a potion of lignification
 s - a potion of flight


   Skills:
 + Level 5.7 Fighting
 + Level 6.0 Throwing
 - Level 1.9 Dodging
 + Level 6.8 Unarmed Combat
 - Level 1.2 Spellcasting
 + Level 5.5 Translocations


You had 5 spell levels left.
You knew the following spells:

 Your Spells              Type           Power      Damage    Failure   Level
a - Blink                 Tloc           24%        N/A       1%          2
b - Gell's Gravitas       Tloc           6%         N/A       4%          3

Your spell library contained the following spells:

 Spells                   Type           Power      Damage    Failure   Level
 Lesser Beckoning         Tloc           12%        N/A       4%          3
 Teleport Other           Tloc           12%        N/A       4%          3
 Summon Small Mammal      Summ           0%         N/A       13%         1
 Passwall                 Tmut/Erth      0%         N/A       19%         2
 Manifold Assault         Tloc           12%        N/A       32%         5
 Call Canine Familiar     Summ           0%         N/A       34%         3
 Inner Flame              Hex/Fire       0%         N/A       34%         3
 Summon Guardian Golem    Hex/Summ       0%         N/A       34%         3
 Swiftness                Air            0%         N/A       34%         3
 Cause Fear               Hex            0%         N/A       75%         4
 Invisibility             Hex            0%         N/A       100%        6
 Discord                  Hex            0%         N/A       100%        8


Dungeon Overview and Level Annotations

Branches:
Dungeon (7/15)             Temple (0/1) D:7         Ossuary (visited)
 Bailey (1/1)

Altars:
Ashenzari
Elyvilon
Fedhas
Gozag
Hepliaklqana
Kikubaaqudgha
Okawaru
Ru
Sif Muna
Trog
Vehumet
Xom

Shops:
D:3 =   D:5 *

Annotations:
D:7 1 transporter, flotson's ghost, novice DsDe


Innate Abilities, Weirdness & Mutations

You are too large for most types of armour.
You have claws for hands.
Your natural rate of healing is unusually fast.
You are covered in fur. (AC +1)
You have tough skin. (AC +1)


Message History

The gnoll sergeant struggles against the net.
You block the gnoll sergeant's attack.
The gnoll shaman calls upon its god to speed up the gnoll sergeant.
The gnoll sergeant seems to speed up.
The gnoll sergeant struggles against the net.
The gnoll hits you but does no damage.
Things that are here:
a +0 trident; a +0 ring mail You scratch the gnoll sergeant but do no damage.
The gnoll sergeant hits you from afar with a +0 glaive!
* * * LOW HITPOINT WARNING * * *
The gnoll sergeant struggles against the net.
The gnoll shaman barely misses you.
You catch the helpless gnoll sergeant completely off-guard!
You scratch the gnoll sergeant.
The gnoll sergeant is lightly wounded.
The gnoll sergeant struggles against the net.
The net rips apart, and the gnoll sergeant comes free!
You block the gnoll's attack.
The gnoll sergeant hits you from afar with a +0 glaive.
* * * LOW HITPOINT WARNING * * *
The gnoll shaman hits you but does no damage.
The gnoll sergeant hits you with a +0 glaive.
* * * LOW HITPOINT WARNING * * *
Okay, then.
Unknown command.
The gnoll sergeant hits you from afar with a +0 glaive!
* * * LOW HITPOINT WARNING * * *
There is a gate leading back out of this place, spattered with blood here.
Okay, then.
Unknown command.
Casting: Blink (safe; 1% risk of failure)
Confirm with . or Enter, or press ? or * to list all spells.
You blink.
Okay, then.
Unknown command.
You feel stable enough to blink again. The gnoll barely misses you.
The gnoll sergeant hits you from afar with a +0 glaive!
You die...

..)...'g..g.# #..≈..♣♣
.g..#####...# #..≈...♣
...##.g.## + #..≈...♣
'###g..g§######..≈...♣♣
..#....g..#.).'.......♣♣♣#
.)g...8)..'.).'.)....)))§#
).#....)..#...'...g.g.♣♣♣#
'###.....######..≈g..♣♣
.).##...## #.@≈g.♣♣
....##### #..≈..♣
.......... #..≈..♣
.......... #..≈.♣♣
#.8....... ###..≈.♣
########## #...≈≈♣♣
≈≈≈≈≈≈≈≈≈≈≈♣♣ ♣♣♣♣♣♣♣♣♣♣♣♣


You could see 2 gnoll sergeants, a gnoll shaman and a gnoll.

Vanquished Creatures
  A hornet (D:5)
  Sigmund (D:4)
  A steam dragon (D:4)
  Edmund (D:5)
  A water moccasin (D:6)
  A sky beast (D:3)
  An orc warrior (D:4)
  2 centaurs
  A bullfrog (D:6)
  6 gnoll sergeants (Bailey)
  A scorpion (D:5)
  4 water moccasin zombies (Ossuary)
  2 howler monkeys
  3 hounds
  An orc priest (D:5)
  2 jellies (D:6)
  A bullfrog skeleton (D:6)
  A centaur zombie (D:6)
  4 gnoll shamans (Bailey)
  2 centaur skeletons (D:5)
  2 orc wizards
  A scorpion zombie (D:5)
  A hound skeleton (D:5)
  2 mummies (Ossuary)
  2 howler monkey zombies
  6 adders
  12 gnolls (Bailey)
  3 white imps
  2 ufetubi
  5 adder zombies (Ossuary)
  A dart slug (D:4)
  12 orcs
  8 endoplasms
  A giant cockroach (D:4)
  6 goblins
  6 hobgoblins
  9 jackals
  9 kobolds
  3 quokkas
  4 ball pythons
  4 bats
  2 frilled lizards
  4 gnoll zombies (Ossuary)
  4 hobgoblin zombies (Ossuary)
  5 kobold zombies (Ossuary)
  3 orc zombies (Ossuary)
  24 rats
178 creatures vanquished.

Vanquished Creatures (collateral kills)
  A necrophage (D:5)
  An iguana (D:5)
  An orc wizard (D:5)
  2 orcs (D:5)
5 creatures vanquished.

Vanquished Creatures (others)
  A gnoll (Bailey)
1 creature vanquished.

Grand Total: 184 creatures vanquished

Notes
Turn   | Place    | Note
-------+----------+-------------------------------------------
     0 | D:1      | frimble the Troll Warper began the quest for the Orb.
     0 | D:1      | Reached XP level 1. HP: 19/19 MP: 1/1
   104 | D:1      | Reached skill level 1 in Throwing
   188 | D:1      | Reached XP level 2. HP: 21/28 MP: 2/2
   581 | D:1      | Identified a scroll of acquirement
   582 | D:1      | Acquired 681 gold pieces
   613 | D:2      | Learned a level 2 spell: Blink
   635 | D:2      | Found a faded altar of an unknown god.
   686 | D:2      | Reached XP level 3. HP: 28/35 MP: 3/3
  1373 | D:3      | Reached XP level 4. HP: 42/42 MP: 4/4
  1430 | D:3      | Found a hazy altar of Hepliaklqana.
  1458 | D:3      | Noticed a sky beast
  1515 | D:3      | Killed a sky beast
  1516 | D:3      | Reached XP level 5. HP: 47/50 MP: 5/5
  1717 | D:3      | Found Genud's Jewellery Emporium.
  1725 | D:3      | Bought a +4 ring of protection for 360 gold pieces
  1726 | D:3      | Bought an amulet of reflection for 300 gold pieces
  1951 | D:4      | Found an opulent altar of Gozag.
  1974 | D:4      | Found a sand-covered staircase.
  1992 | D:4      | Noticed an orc warrior
  2106 | Ossuary  | Entered an ossuary
  2175 | Ossuary  | Reached XP level 6. HP: 60/61 MP: 6/6
  2359 | D:4      | Killed an orc warrior
  2360 | D:4      | Reached XP level 7. HP: 50/67 MP: 7/7
  2490 | D:4      | Noticed a steam dragon
  2508 | D:4      | Killed a steam dragon
  2558 | D:4      | Noticed Sigmund
  2585 | D:4      | Killed Sigmund
  2907 | D:5      | Entered Level 5 of the Dungeon
  2974 | D:5      | Noticed Edmund
  2991 | D:5      | Killed Edmund
  2992 | D:5      | Reached XP level 8. HP: 53/78 MP: 8/8
  3038 | D:5      | Found Askuhet's Assorted Antiques.
  3044 | D:5      | Bought a wooden wand for 88 gold pieces
  3044 | D:5      | Bought a silvery potion for 19 gold pieces
  3044 | D:5      | Bought a scroll labelled SEIPSU USUOQU for 22 gold pieces
  3055 | D:5      | Reached skill level 5 in Unarmed Combat
  3331 | D:5      | Noticed a hornet
  3354 | D:5      | Paralysed by a hornet for 1 turns
  3363 | D:5      | Paralysed by a hornet for 1 turns
  3385 | D:5      | Killed a hornet
  3679 | D:6      | Reached skill level 5 in Throwing
  3883 | D:6      | Found a sacrificial altar of Ru.
  3886 | D:6      | Found a bloodstained altar of Trog.
  3889 | D:6      | Found a white marble altar of Elyvilon.
  3890 | D:6      | Found a shimmering altar of Xom.
  3999 | D:6      | Reached skill level 5 in Fighting
  4033 | D:6      | Found a radiant altar of Vehumet.
  4184 | D:6      | Reached skill level 5 in Translocations
  4188 | D:6      | Reached XP level 9. HP: 88/88 MP: 9/9
  4192 | D:6      | Learned a level 3 spell: Gell's Gravitas
  4565 | D:6      | Found a broken altar of Ashenzari.
  4565 | D:6      | Found an iron altar of Okawaru.
  4573 | D:6      | Found a shimmering blue altar of Sif Muna.
  4575 | D:6      | Found an ancient bone altar of Kikubaaqudgha.
  4577 | D:6      | Found a blossoming altar of Fedhas.
  4808 | D:7      | Found a staircase to the Ecumenical Temple.
  4853 | D:7      | Found a transporter.
  4875 | D:7      | Noticed flotson's ghost (novice DsDe)
  4902 | D:7      | Found a flagged portal.
  4935 | D:7      | Noticed a purple ugly thing
  4952 | Bailey   | Entered a bailey
  5383 | Bailey   | HP: 3/89 [gnoll sergeant (12)]
  5401 | Bailey   | HP: 3/89 [gnoll sergeant (5)]
  5428 | Bailey   | HP: 1/89 [gnoll sergeant (10)]
  5432 | Bailey   | Mangled by a gnoll sergeant

Illustrated notes

Levels and vault maps discovered:
D:1:      sevenhm_arrival_forest_fort_small_1, layout_basic
D:2:      layout_loops_ring, shapermc_ecumenical_altar_totnotflames,
          minmay_rat_hole
D:3:      layout_loops_ring, mainiacjoe_overflow_alcove_4, serial_shops, shop
D:4:      layout_loops_ring, lemuel_tele_altar,
          nicolae_ossuary_entry_false_entrances, uniq_sigmund
D:5:      layout_loops_cross, serial_shops, nicolae_stop_n_shop_2, uniq_edmund
D:6:      layout_loops_corners, chequers_temple_overflow_minitemple,
          mainiacjoe_overflow_alcove_3, general_overflow_altar,
          chequers_serial_rivers_micro_e, minmay_circle_x
D:7:      layout_basic, temple_pool_b, enter_bailey_5,
          gammafunk_ghost_stat_death
Bailey:   bailey_polearm_gnolls_kennysheep, bailey

Skill      XL: |  1  2  3  4  5  6  7  8  9 |
---------------+----------------------------+-----
Throwing       | 1 2 3 4 5 6 |  6.0
Fighting       | 2 3 4 5 |  5.7
Unarmed Combat | 3 4 6 |  6.8
Translocations | 3 4 5 |  5.5
Dodging        | |  1.9
Spellcasting   | |  1.2

Action                   |  1- 3 |  4- 6 |  7- 9 || total
-------------------------+-------+-------+-------++-------
Melee: Unarmed           |   127 |   194 |   279 ||   600
       Punch             |       |     2 |     5 ||     7
Throw: Boomerang         |       |       |    19 ||    19
       Throwing net      |       |       |     7 ||     7
 Cast: Blink             |       |       |    14 ||    14
       Gell's Gravitas   |       |       |     4 ||     4
Evoke: Wand              |       |       |    25 ||    25
  Use: Scroll            |     3 |     3 |     4 ||    10
       Potion            |       |     2 |     8 ||    10
 Stab: Sleeping          |       |       |     1 ||     1
       Held in net/web   |       |       |     3 ||     3
Armor: Robe              |    49 |    72 |     8 ||   129
       Steam dragon scal |       |       |   164 ||   164
Dodge: Dodged            |    65 |    66 |   158 ||   289
Block: Other             |       |    24 |    84 ||   108
       Reflection        |       |       |     1 ||     1

Table legend: (Time is in decaauts)
 A = Elapsed time spent in this place.
 B = Non-inter-level travel time spent in this place.
 C = Inter-level travel time spent in this place.
 D = Time resting spent in this place.
 E = Time spent auto-exploring this place.
 F = Levels seen in this place.
 G = Mean time per level.
                   A        B        C        D        E       F      G
               +--------+--------+--------+--------+--------+-----+--------+
         Total |   5355 |   5193 |    162 |     29 |   3567 |   9 |  595.0 |
       Dungeon |   4655 |   4493 |    162 |     15 |   3378 |   7 |  665.0 |
       Ossuary |    232 |    232 |      0 |      0 |     72 |   1 |  232.0 |
        Bailey |    467 |    467 |      0 |     14 |    117 |   1 |  467.0 |
               +--------+--------+--------+--------+--------+-----+--------+

Top non-repeatable levels by time:
     D:6: 1150 daAuts
     D:4: 714 daAuts
     D:5: 700 daAuts
     D:2: 679 daAuts
     D:3: 657 daAuts
     D:1: 607 daAuts
  Bailey: 467 daAuts
 Ossuary: 232 daAuts
     D:7: 146 daAuts
